 Dungeon Crawl Stone Soup version 0.31-a0-881-ge136f0c47a (webtiles) character file.

Game seed: 832970679454918097

1248 greenreed the Magician (level 8, -3/50 HPs)
             Began as a Djinni Earth Elementalist on Oct 15, 2023.
             Killed from afar by a white imp (6 damage)
             ... with a puff of frost
             ... on level 6 of the Dungeon.
             The game lasted 00:08:03 (4277 turns).

greenreed the Magician (Djinni Earth Elementalist)  Turns: 4277, Time: 00:08:04

Health: -3/50      AC:  3    Str:  7    XL:     8   Next: 79%
Gold:   231        EV: 15    Int: 18    God:
                   SH:  5    Dex: 15

rFire   + + .        (no weapon)
rCold   x . .        (no shield)
rNeg    + . .        a - +0 robe
rPois   ∞            (no helmet)
rElec   .            (no cloak)
rCorr   .            o - +0 pair of gloves
SInv    .            (boots unavailable)
Will    .....        j - amulet of reflection
Stlth   ++           l - ring of positive energy
HPRegen 0.28/turn    (no ring)
MPRegen 0.00/turn

%: reflection, infuse magic (-4 HP)
@: flying
A: sickness immunity, fire resistance 2, cold vulnerability 1, float, innate
caster, HP casting, extra vitality 1
a: no special abilities


You were on level 6 of the Dungeon.
You visited 1 branch of the dungeon, and saw 6 of its levels.

You collected 231 gold pieces.

Inventory:

Armour
 a - a +0 robe (worn)
 d - an orb of mayhem
 e - a +0 scale mail of positive energy
 m - a +2 leather armour of cold resistance
 o - a +0 pair of gloves (worn)
Jewellery
 j - an amulet of reflection (around neck)
 l - a ring of positive energy (left hand)
Talismans
 g - a talisman of death
Scrolls
 b - a scroll of brand weapon {unknown}
 f - a scroll of vulnerability {unknown}
 h - 5 scrolls of revelation {unknown}
 i - 3 scrolls of identify {unknown}
 k - 2 scrolls of teleportation {unknown}
 p - 2 scrolls of enchant armour {unknown}
 q - a scroll of immolation {unknown}
Potions
 c - 2 potions of heal wounds {unknown}
 n - a potion of enlightenment {unknown}
 r - a potion of might {unknown}
 s - a potion of curing {unknown}
 t - a potion of haste {unknown}


   Skills:
 + Level 6.6 Dodging
 - Level 1.7 Stealth
 * Level 6.7 Spellcasting
 * Level 6.7 Conjurations
 * Level 6.7 Hexes
   Level 0.0 Charms
 * Level 6.7 Summonings
 * Level 6.7 Necromancy
 * Level 6.7 Translocations
 * Level 6.7 Transmutations
 * Level 6.7 Fire Magic
 * Level 6.7 Ice Magic
 * Level 6.7 Air Magic
 * Level 6.7 Earth Magic
 * Level 6.7 Poison Magic


You knew the following spells:

 Your Spells              Type           Power      Damage    Failure   Level
a - Sandblast             Erth           60%        2d14      1%          1
b - Passwall              Tmut/Erth      25%        N/A       1%          2
c - Stone Arrow           Conj/Erth      60%        3d10      1%          3
d - Petrify               Tmut/Erth      30%        N/A       7%          4
e - Brom's Barrelling Bo  Conj/Erth      30%        2d5       7%          4
f - Kiss of Death         Conj/Necr      100%       2d13      1%          1
g - Momentum Strike       Conj/Tloc      60%        3d9       1%          2
h - Ensorcelled Hibernat  Hex/Ice        60%        N/A       1%          2
Your spell library was empty.

Dungeon Overview and Level Annotations

Branches:
Dungeon (6/15)
 Temple: D:4-7

Altars:
Gozag


Innate Abilities, Weirdness & Mutations

You are immune to sickness and miasma.
You are immune to poison.
Your flesh is very heat resistant. (rF++)
You are vulnerable to cold. (rC-)
You float through the air rather than walking.
You learn spells naturally, not from books.
Your magical power is your life essence.
You have superior vitality. (+4 MHP)


Message History

You block the black bear's attack.
The blast of sand misses the black bear.
The blast of sand hits the white imp.
The white imp is heavily wounded.
You block the black bear's attack. The black bear closely misses you.
The black bear claws you. The black bear bites you!
The black bear claws you but does no damage.
The black bear claws you.
Casting: Sandblast (safe; 1% risk of failure)
Confirm with . or Enter, or press ? or * to list all spells.
Aiming: Sandblast (safe; 1% risk of failure)
Press: ? - help, Shift-Dir - straight line, f/p - black bear
Aim: a black bear (almost dead, berserk, 87% to hit)
The blast of sand hits the black bear!!
You kill the black bear!
The white imp hits you. The white imp freezes you.
You feel a terrible chill!
Unknown command.
Casting: Sandblast (safe; 1% risk of failure)
Confirm with . or Enter, or press ? or * to list all spells.
Aiming: Sandblast (safe; 1% risk of failure)
Press: ? - help, Shift-Dir - straight line, f - white imp
Aim: a white imp (heavily wounded, 84% to hit)
The blast of sand misses the white imp.
* * * LOW HITPOINT WARNING * * *
The white imp barely misses you. The white imp gestures at you.
The puff of frost hits you!
You feel a terrible chill!
* * * LOW HITPOINT WARNING * * *
Unknown command.
Casting: Sandblast (safe; 1% risk of failure)
Confirm with . or Enter, or press ? or * to list all spells.
Aiming: Sandblast (safe; 1% risk of failure)
Press: ? - help, Shift-Dir - straight line, f/p - white imp
Aim: a white imp (heavily wounded, 84% to hit)
The blast of sand hits the white imp.
The white imp is almost dead.
* * * LOW HITPOINT WARNING * * *
The white imp gestures at you. The puff of frost hits you.
You feel a terrible chill!
You die...

#... #!.#
##..# ....
#..# #..#
#5.# # #.@#
####.##..#
##
.........#
#.. .
....##.##
.. [.#
######.#
.####.#####
#...#
.#........#
#.###
........#.#
#.#
.#.##.#.#.#
#.#


You could see a white imp.

Vanquished Creatures
  2 ice beasts
  2 black bears
  3 centaurs (D:6)
  A scorpion (D:5)
  A bullfrog (D:6)
  A howler monkey (D:5)
  3 hounds
  5 iguanas
  An orc wizard (D:3)
  3 gnolls (D:3)
  10 adders
  A shadow imp (D:6)
  5 worms
  A dart slug (D:3)
  9 orcs
  11 bats
  7 endoplasms
  4 giant cockroaches
  6 goblins
  10 hobgoblins
  7 kobolds
  4 quokkas
  9 ball pythons
  4 frilled lizards (D:1)
  8 rats
118 creatures vanquished.

Notes
Turn   | Place    | Note
-------+----------+-------------------------------------------
     0 | D:1      | greenreed the Djinni Earth Elementalist began the quest for
                  | the Orb.
     0 | D:1      | greenreed set off with the following spells memorised:
                  | Sandblast, Passwall, Stone Arrow, Petrify, Brom's
                  | Barrelling Boulder.
     0 | D:1      | Reached XP level 1. HP: 15/15 MP: 0/0
   190 | D:1      | Reached XP level 2. HP: 19/21 MP: 0/0
   478 | D:1      | Reached XP level 3. HP: 24/25 MP: 0/0
   478 | D:1      | Learned a level 1 spell: Kiss of Death
   651 | D:1      | Found a faded altar of an unknown god.
   937 | D:2      | Reached XP level 4. HP: 29/31 MP: 0/0
  1315 | D:3      | Reached XP level 5. HP: 23/35 MP: 0/0
  1315 | D:3      | Learned a level 2 spell: Momentum Strike
  1442 | D:3      | HP: 1/35 [something (2)]
  1711 | D:3      | Reached XP level 6. HP: 31/40 MP: 0/0
  1846 | D:3      | Found an opulent altar of Gozag.
  2475 | D:4      | Noticed an ice beast
  2482 | D:4      | Killed an ice beast
  2525 | D:4      | Reached skill level 5 in Spellcasting
  2525 | D:4      | Reached skill level 5 in Conjurations
  2525 | D:4      | Reached skill level 5 in Hexes
  2525 | D:4      | Reached skill level 5 in Summonings
  2525 | D:4      | Reached skill level 5 in Necromancy
  2525 | D:4      | Reached skill level 5 in Translocations
  2525 | D:4      | Reached skill level 5 in Transmutations
  2525 | D:4      | Reached skill level 5 in Fire Magic
  2525 | D:4      | Reached skill level 5 in Ice Magic
  2525 | D:4      | Reached skill level 5 in Air Magic
  2525 | D:4      | Reached skill level 5 in Earth Magic
  2525 | D:4      | Reached skill level 5 in Poison Magic
  2525 | D:4      | Reached XP level 7. HP: 45/45 MP: 0/0
  2525 | D:4      | Learned a level 2 spell: Ensorcelled Hibernation
  2672 | D:4      | Reached skill level 5 in Dodging
  2898 | D:5      | Entered Level 5 of the Dungeon
  3143 | D:5      | Reached XP level 8. HP: 34/50 MP: 0/0
  3617 | D:6      | HP: 1/50 [centaur/arrow (13)]
  4277 | D:6      | Killed from afar by a white imp

Illustrated notes

Levels and vault maps discovered:
D:1:      erik_arrival_triangle_large, layout_basic,
          shapermc_ecumenical_altar_hornbeckon
D:2:      layout_loops_ring
D:3:      layout_basic, mainiacjoe_overflow_six_doors_small,
          minmay_fractal_squares_gapless_5
D:4:      layout_basic, nicolae_wormholes
D:5:      layout_basic
D:6:      nicolae_whirlpool, layout_loops_ring, nicolae_underground_beach

Skill      XL: |  1  2  3  4  5  6  7  8 |
---------------+-------------------------+-----
Spellcasting   | 4 5 6 |  6.7
Conjurations   | 4 5 6 |  6.7
Hexes          | 4 5 6 |  6.7
Summonings     | 4 5 6 |  6.7
Necromancy     | 4 5 6 |  6.7
Translocations | 4 5 6 |  6.7
Transmutations | 4 5 6 |  6.7
Fire Magic     | 4 5 6 |  6.7
Ice Magic      | 4 5 6 |  6.7
Air Magic      | 4 5 6 |  6.7
Earth Magic    | 4 5 6 |  6.7
Poison Magic   | 4 5 6 |  6.7
Dodging        | 3 4 5 6 |  6.6
Stealth        | |  1.7

Action                     |  1- 3 |  4- 6 |  7- 9 || total
---------------------------+-------+-------+-------++-------
  Melee: Unarmed           |       |     3 |       ||     3
   Cast: Sandblast         |    54 |    84 |    82 ||   220
         Momentum Strike   |       |     1 |       ||     1
 Armour: Robe              |     6 |    22 |    43 ||    71
  Dodge: Dodged            |    10 |    26 |    37 ||    73
  Block: Other             |       |    13 |    16 ||    29
         Reflection        |       |     1 |     4 ||     5

Table legend: (Time is in decaauts)
 A = Elapsed time spent in this place.
 B = Non-inter-level travel time spent in this place.
 C = Inter-level travel time spent in this place.
 D = Time resting spent in this place.
 E = Time spent auto-exploring this place.
 F = Levels seen in this place.
 G = Mean time per level.
                   A        B        C        D        E       F      G
               +--------+--------+--------+--------+--------+-----+--------+
         Total |   4386 |   4239 |    147 |    488 |   3041 |   6 |  731.0 |
       Dungeon |   4386 |   4239 |    147 |    488 |   3041 |   6 |  731.0 |
               +--------+--------+--------+--------+--------+-----+--------+

Top non-repeatable levels by time:
     D:3: 808 daAuts
     D:1: 742 daAuts
     D:4: 739 daAuts
     D:5: 723 daAuts
     D:6: 686 daAuts
     D:2: 685 daAuts
